 Dungeon Crawl Stone Soup version 0.29.0-13-gc9e81de378 (webtiles) character file.

Game seed: 2064598952631045838

83 sanka the Agent of Entropy (level 4, -6/35 HPs)
             Began as a Demonspawn Abyssal Knight on Sept 10, 2022.
             Was a Priest of Lugonu.
             Killed from afar by an orc wizard (8 damage)
             ... with a puff of flame
             ... on level 3 of the Dungeon.
             The game lasted 00:02:48 (1964 turns).

sanka the Agent of Entropy (DsAK)                   Turns: 1964, Time: 00:02:49

Health: -6/35      AC: 10    Str: 16    XL:     4   Next: 22%
Magic:  7/7        EV:  6    Int: 11    God:    Lugonu [***...]
Gold:   92         SH:  0    Dex: 13    Spells: 3/3 levels left

rFire   . . .      SeeInvis .   m - +0 halberd
rCold   . . .      Faith    .   (shield currently unavailable)
rNeg    . . .      Spirit   .   e - +0 chain mail
rPois   .          Reflect  .   (no helmet)
rElec   .          Harm     .   (no cloak)
rCorr   .          Rampage  .   n - +1 pair of gloves
Will    .....                   (no boots)
Stlth   ..........              (no amulet)
HPRegen 0.11/turn               (no ring)
MPRegen 0.10/turn               (no ring)

@: no status effects
A: weakness stinger 1, demonic touch 1
a: Renounce Religion, Depart the Abyss, Bend Space, Banish


You were on level 3 of the Dungeon.
You worshipped Lugonu.
Lugonu was most pleased with you.
You visited 1 branch of the dungeon, and saw 3 of its levels.
You visited the Abyss 1 time.

You collected 92 gold pieces.


Innate Abilities, Weirdness & Mutations

You have a small tail.
Your touch may inflict minor irresistible damage on your foes.


   Skills:
 - Level 3.0 Fighting
 * Level 3.2 Polearms
 - Level 1.7 Armour
 - Level 0.8 Dodging
 + Level 4.4 Invocations


You had 3 spell levels left.
You didn't know any spells.
Your spell library contained the following spells:

 Spells                   Type           Power      Damage    Failure   Level
 Conjure Flame            Conj/Fire      0%         6-21      100%        3
 Ignite Poison            Fire/Tmut/Pois 0%         N/A       100%        3
 Sticky Flame             Conj/Fire      0%         2d3       100%        4

Inventory:

Hand Weapons
 a - a +1 spear
 m - a +0 halberd (weapon)
Missiles
 i - 2 throwing nets {=f}
Armour
 e - a +0 chain mail (worn)
 n - a +1 pair of gloves (worn)
Wands
 o - a wand of roots (8)
Scrolls
 b - 3 scrolls of immolation {unknown}
 c - a scroll of fear {unknown}
 f - 6 scrolls of identify {unknown}
 h - a scroll of noise {unknown}
 j - a scroll of butterflies {unknown}
 k - 2 scrolls of vulnerability {unknown}
 l - a scroll of poison {unknown}
Potions
 d - a potion of attraction {unknown}
 g - 2 potions of magic {unknown}

Dungeon Overview and Level Annotations

Branches:
Dungeon (3/15)

Altars:

▒▒♣..♣♣▒ ▒▒▒▒▒.
......▒▒▒▒▒▒▒▒.
▒...........▒.
▒.............
▒▒.............
▒▒▒▒▒▒..............
▒....'.............<
▒▒.▒▒▒▒...▒▒▒▒▒......
▒...6.▒▒▒▒▒ ▒▒▒▒..▒
▒...{.▒ ▒▒▒▒ ▒...
▒.....▒ ▒ ▒...
▒▒....▒ +...+..▒)▒▒▒
...+▒.▒)▒▒ ▒▒.
▒....▒..▒
....▒....▒..▒
▒......▒..▒▒▒


There were no monsters in sight!


Message History

You feel less confused.
You hear some strange, mumbled words.
You are confused.
You miss something. Something hits you but does no damage.
You bump into the rock wall.
Something hits you but does no damage.
You're too confused to move!
Something hits you but does no damage.
You miss something. Something hits you but does no damage.
You closely miss something. Something hits you.
* * * LOW HITPOINT WARNING * * *
Something hits you but does no damage.
You hit something.
You feel less confused. Something hits you but does no damage.
You hit something but do no damage.
You hear some strange, mumbled words.
A magic dart appears from out of thin air!
The magic dart hits you but does no damage.
You hit something but do no damage. Something hits you but does no damage.
Something hits you but does no damage.
You miss something.
You hear some strange, mumbled words.
A puff of flame appears from out of thin air!
The puff of flame hits you!
You die...

Action                   |  1- 3 |  4- 6 || total
-------------------------+-------+-------++-------
Melee: Spear             |   102 |       ||   102
       Touch             |     8 |       ||     8
       Halberd           |    20 |    47 ||    67
Armor: Chain mail        |    41 |    52 ||    93
Dodge: Dodged            |    28 |    10 ||    38

Levels and vault maps discovered:
D:1:      dpeg_arrival_chambers_temple_mockup, layout_loops_ring,
          minmay_misc_feat_cross
D:2:      layout_basic, minmay_misc_feat_plants, cheibrodos_gnoll_hut
D:3:      layout_basic, nicolae_yredelemnul_corpse_copse, cheibriados_altar_1,
          serial_rivers, chequers_serial_rivers_micro_d,
          chequers_serial_rivers_small_3, chequers_serial_rivers_large_b,
          chequers_serial_rivers_small_b, chequers_serial_rivers_marsh,
          gup_sewer_entry_glass, nicolae_concentric_dashed_squares_mild,
          uniq_jessica

Notes
Turn   | Place    | Note
-------+----------+-------------------------------------------
     0 | Abyss:1  | sanka the Demonspawn Abyssal Knight began the quest for the
                  | Orb.
     0 | Abyss:1  | Reached XP level 1. HP: 18/18 MP: 2/2
    62 | D:1      | Escaped the Abyss
   224 | D:1      | Reached skill level 2 in Polearms
   350 | D:1      | Reached skill level 3 in Invocations
   410 | D:1      | You feel monstrous as your demonic heritage exerts itself.
   410 | D:1      | Discovered your monstrous ancestry.
   410 | D:1      | Gained mutation: Your touch may inflict minor irresistible
                  | damage on your foes. [demonic ancestry]
   410 | D:1      | Reached XP level 2. HP: 24/24 MP: 4/4
   908 | D:2      | Reached XP level 3. HP: 22/29 MP: 5/5
  1154 | D:2      | Reached *** piety under Lugonu
  1359 | D:2      | Reached skill level 4 in Invocations
  1801 | D:3      | Reached skill level 3 in Polearms
  1864 | D:3      | Gained mutation: You have a small tail. [demonic ancestry]
  1864 | D:3      | Reached XP level 4. HP: 35/35 MP: 7/7
  1945 | D:3      | HP: 3/35 [something (3)]
  1952 | D:3      | HP: 2/35 [something (2)]
  1960 | D:3      | HP: 2/35 [something (1)]
  1964 | D:3      | Killed from afar by an orc wizard

Vanquished Creatures
  A gnoll (D:2)
  An adder (D:3)
  An adder zombie (D:3)
  3 worms (D:2)
  3 orcs (D:3)
  3 endoplasms
  5 giant cockroaches
  2 goblins
  8 hobgoblins
  2 jackals (D:2)
  2 quokkas (D:2)
  3 ball pythons
  3 bats
  A frilled lizard (D:2)
  3 kobolds
  4 rats
45 creatures vanquished.
